 Dungeon Crawl Stone Soup version 0.28-a0-653-g7e9dba17c3 (webtiles) character file.

Game seed: 8480732437227934209

39 ryw the Skirmisher (level 3, 0/30 HPs)
             Began as a Demonspawn Gladiator on Oct 11, 2021.
             Slain by Natasha (8 damage)
             ... on level 3 of the Dungeon.
             The game lasted 00:03:15 (2094 turns).

ryw the Skirmisher (Demonspawn Gladiator)           Turns: 2094, Time: 00:03:16

Health: 0/30       AC:  4    Str: 14    XL:     3   Next: 26%
Magic:  3/3        EV: 12    Int:  9    God:
Gold:   108        SH:  0    Dex: 15    Spells: 2/2 levels left

rFire   . . .      SeeInvis .     - Unarmed
rCold   . . .      Faith    .   (no shield)
rNeg    . . .      Spirit   .   a - +0 leather armour
rPois   .          Reflect  .   b - +0 helmet
rElec   .          Harm     .   (no cloak)
rCorr   .          Rampage  .   (no gloves)
Will    .....                   (no boots)
Stlth   +.........              (no amulet)
HPRegen 0.10/turn               (no ring)
MPRegen 0.08/turn               (no ring)

@: slowed, very slow
A: demonic magic 1
a: no special abilities


You were on level 3 of the Dungeon.
You visited 1 branch of the dungeon, and saw 3 of its levels.

You collected 108 gold pieces.

Inventory:

Missiles
 c - 3 throwing nets (quivered)
Armour
 a - a +0 leather armour (worn)
 b - a +0 helmet (worn)
Jewellery
 k - a ring of poison resistance
Scrolls
 d - 3 scrolls of teleportation {unknown}
 g - a scroll of magic mapping {unknown}
 h - a scroll of amnesia {unknown}
Potions
 f - a potion of berserk rage {unknown}
 i - a potion of haste {unknown}
 j - a potion of ambrosia {unknown}


   Skills:
 + Level 3.7 Fighting
 - Level 1.7 Throwing
 - Level 2.6 Dodging
 - Level 2.6 Unarmed Combat


You had 2 spell levels left.
You didn't know any spells.
Your spell library contained the following spells:

 Spells                   Type           Power      Damage    Failure   Level
 Portal Projectile        Hex/Tloc       0%         N/A       83%         3
 Blade Hands              Tmut           0%         N/A       100%        5
 Excruciating Wounds      Necr           0%         N/A       100%        5


Dungeon Overview and Level Annotations

Branches:
Dungeon (3/15)

Altars:
Ashenzari

Annotations:
D:3 Natasha


Innate Abilities, Weirdness & Mutations

Spells you cast may paralyse adjacent enemies.


Message History

Natasha misses you.
You closely miss Natasha.
Natasha is moderately wounded.
Natasha claws you!
You hit Natasha.
Natasha is heavily wounded.
Natasha casts a spell at you. The magic dart hits you!
Natasha casts a spell.
You are too injured to fight recklessly!
You are too injured to fight recklessly!
You are too injured to fight recklessly!
You hit Natasha but do no damage.
Natasha is heavily wounded.
Natasha casts a spell at you. The magic dart hits you!
* * * LOW HITPOINT WARNING * * *
Unknown command.
You hit Natasha but do no damage.
Natasha is heavily wounded.
Natasha closely misses you. Natasha barely misses you.
Unknown command.
You feel better. Natasha casts a spell at you.
You feel as though you will be slow longer.
You hit Natasha but do no damage.
Natasha is heavily wounded.
Natasha claws you.
* * * LOW HITPOINT WARNING * * *
Natasha wildly gestures.
Natasha glows brightly for a moment.
Natasha closely misses you.
You hit Natasha.
Natasha is almost dead.
The shadow imp shouts, "Scamper away, thou unmuzzled elf-skinned guttersnipe!"
Natasha barely misses you.
You barely miss Natasha.
Natasha is almost dead.
Natasha claws you!
You die...

#########.#
#..@h5....#
#.#########
#.####
#....#
########.#
#.....##.#
#.....##.#
#<....'..#
#.....####


You could see Natasha and a shadow imp (summoned).

Vanquished Creatures
  An adder (D:2)
  3 ball pythons
  2 endoplasms (D:1)
  4 goblins
  2 hobgoblins
  A quokka (D:1)
  5 bats
  2 frilled lizards (D:1)
  5 kobolds
  6 rats
31 creatures vanquished.

Notes
Turn   | Place    | Note
-------+----------+-------------------------------------------
     0 | D:1      | ryw the Demonspawn Gladiator began the quest for the Orb.
     0 | D:1      | Reached XP level 1. HP: 16/16 MP: 1/1
   603 | D:1      | Gained mutation: Spells you cast may paralyse adjacent
                  | enemies. [demonic ancestry]
   603 | D:1      | Reached XP level 2. HP: 23/23 MP: 2/2
   805 | D:1      | Reached skill level 3 in Fighting
  1066 | D:1      | Found a faded altar of an unknown god.
  1426 | D:2      | Found a broken altar of Ashenzari.
  1476 | D:2      | Reached XP level 3. HP: 21/29 MP: 3/3
  2081 | D:3      | Noticed Natasha
  2094 | D:3      | Slain by Natasha

Illustrated notes

Levels and vault maps discovered:
D:1:      scummos_arrival_hexagon, layout_basic,
          shapermc_ecumenical_altar_hornbeckon
D:2:      layout_rooms, basic_altar, grunt_decor_clamped,
          minmay_increasing_density
D:3:      layout_basic, minmay_misc_feat_more_columns, minmay_misc_feat_chi,
          uniq_sigmund, uniq_jessica, uniq_natasha

Skill      XL: |  1  2 |
---------------+-------+-----
Fighting       | 3 |  3.7
Throwing       | |  1.7
Dodging        | |  2.6
Unarmed Combat | |  2.6

Action                   || total
-------------------------++-------
Melee: Unarmed           ||   138
       Punch             ||     1
  Use: Potion            ||     2
Armor: Leather armour    ||    54
Dodge: Dodged            ||    96

Table legend: (Time is in decaauts)
 A = Elapsed time spent in this place.
 B = Non-inter-level travel time spent in this place.
 C = Inter-level travel time spent in this place.
 D = Time resting spent in this place.
 E = Time spent auto-exploring this place.
 F = Levels seen in this place.
 G = Mean time per level.
                   A        B        C        D        E       F      G
               +--------+--------+--------+--------+--------+-----+--------+
         Total |   2098 |   2053 |     45 |    594 |   1177 |   3 |  699.3 |
       Dungeon |   2098 |   2053 |     45 |    594 |   1177 |   3 |  699.3 |
               +--------+--------+--------+--------+--------+-----+--------+

Top non-repeatable levels by time:
     D:1: 1169 daAuts
     D:2: 894 daAuts
     D:3: 34 daAuts
